 Dungeon Crawl Stone Soup version 0.29-a0-371-g91724d5b39 (webtiles) character file.

Game seed: 732105327540966924

2287 happo123 the Ruffian (level 9, -8/89 HPs)
             Began as a Troll Fighter on May 2, 2022.
             Killed from afar by a steam dragon (27 damage)
             ... with a ball of steam
             ... on level 6 of the Dungeon.
             The game lasted 00:35:11 (4476 turns).

happo123 the Ruffian (Troll Fighter)                Turns: 4476, Time: 00:35:12

Health: -8/89      AC:  4    Str: 30    XL:     9   Next: 17%
Magic:  8/8        EV: 13    Int: 10    God:
Gold:   322        SH:  8    Dex:  9    Spells: 8/8 levels left

rFire   . . .      SeeInvis .     - Unarmed
rCold   . . .      Faith    .   b - +0 kite shield
rNeg    . . .      Spirit   .   a - +0 robe
rPois   .          Reflect  .   (helmet restricted)
rElec   .          Harm     .   (no cloak)
rCorr   .          Rampage  .   (gloves unavailable)
Will    .....                   (boots unavailable)
Stlth   +.........              (no amulet)
HPRegen 1.04/turn               t - +4 ring of evasion
MPRegen 0.11/turn               v - +6 ring of intelligence

@: no status effects
A: large, unfitting armour, claws 3, regeneration 1, shaggy fur 1, tough skin 1
a: no special abilities


You were on level 6 of the Dungeon.
You visited 1 branch of the dungeon, and saw 6 of its levels.
You also visited: Sewer.

You collected 322 gold pieces.

Inventory:

Hand Weapons
 g - a +1 dagger of flaming
 i - a +1 short sword of electrocution
 s - a +0 dagger of venom
 A - a +2 vorpal shortbow
 C - a +4 halberd
 F - a +0 mace
Missiles
 f - 279 stones
 y - 16 poisoned darts (quivered)
 D - 2 throwing nets
Armour
 a - a +0 robe (worn)
 b - a +0 kite shield (worn)
 n - an orb of energy
Jewellery
 t - a +4 ring of evasion (left claw)
 v - a +6 ring of intelligence (right claw)
Wands
 m - a wand of charming (5)
 u - a wand of mindburst (14)
 G - a wand of acid (6)
Scrolls
 d - 2 scrolls of fear {unknown}
 e - 3 scrolls of teleportation {unknown}
 h - a scroll of summoning {unknown}
 k - a scroll of fog {unknown}
 l - a scroll of noise {unknown}
 p - 3 scrolls of enchant weapon {unknown}
 r - 2 scrolls of identify {unknown}
 w - 3 scrolls of silence {unknown}
 B - 2 scrolls of amnesia {unknown}
 E - a scroll of torment {unknown}
 H - a scroll of holy word {unknown}
Potions
 c - 3 potions of might
 j - 2 potions of curing {unknown}
 o - 2 potions of resistance {unknown}
 q - a potion of cancellation {unknown}
 x - a potion of magic {unknown}
 z - a potion of invisibility {unknown}
 I - a potion of attraction {unknown}


   Skills:
 + Level 5.6 Fighting
 + Level 5.6 Dodging
 + Level 5.7 Shields
 + Level 6.3 Unarmed Combat


You had 8 spell levels left.
You didn't know any spells.
Your spell library was empty.

Dungeon Overview and Level Annotations

Branches:
Dungeon (6/15)              Sewer (visited)
 Temple: D:4-7

Altars:

Annotations:
D:6 Blork the orc, Prince Ribbit


Innate Abilities, Weirdness & Mutations

You are too large for most types of armour.
You have claws for hands.
Your natural rate of healing is unusually fast.
You are covered in fur. (AC +1)
You have tough skin. (AC +1)


Message History

The steam dragon is heavily wounded.
You are engulfed in a cloud of scalding steam.
The steam dragon closely misses you.
The steam dragon claws you but does no damage.
You barely miss the steam dragon.
The steam dragon is heavily wounded.
You are engulfed in a cloud of scalding steam.
The steam dragon bites you but does no damage.
You block the steam dragon's attack.
An orc comes into view. It is wielding a +0 club.
An orc wizard comes into view. It is wielding a +0 dagger.
The orc shouts!
You scratch the steam dragon but do no damage.
The steam dragon is heavily wounded.
The steam dragon breathes steam at you. The ball of steam hits you!!
The orc wizard casts a spell.
The orc wizard flickers and vanishes!
Deactivating autopickup; reactivate with Ctrl-A.
You barely miss the steam dragon.
The steam dragon is heavily wounded.
You are engulfed in a cloud of scalding steam.
* * * LOW HITPOINT WARNING * * *
Prince Ribbit comes into view.
The steam dragon closely misses you. You block the steam dragon's attack.
Blork the orc screams, "Die!"
The steam dragon attacks as you move away!
The steam dragon bites you!
* * * LOW HITPOINT WARNING * * *
The steam dragon claws you.
* * * LOW HITPOINT WARNING * * *
You claw the steam dragon!
The steam dragon is almost dead.
The steam dragon breathes steam at you. The ball of steam misses you.
Blork the orc mumbles some strange words.
Blork the orc seems to speed up.
The steam dragon breathes steam at you. The ball of steam hits you!!
You die...

.F..... ######. .......
#.#.###...... .......
#.#........†. ..$....
#.#.......... ...o.o.
#.#..........
......o######.# ..#......
#{....#.###.######.
#D.......##.######.
#§@................
#§...[...###.######
#######§§...#### #..# #.
#.....§§§............. #.
#.#########§..#####.#.##.
#...# .#.##[ #...# .# ##.
.....# .. #. .....# ..


You could see Blork the orc (fast), a steam dragon (catching breath) and an orc.

Vanquished Creatures
  A yak (D:5)
  A water moccasin (D:5)
  An orc warrior (D:5)
  An ice beast (D:5)
  2 ogres (D:5)
  A centaur (D:5)
  3 phantoms
  A bullfrog (D:4)
  3 kobold brigands (Sewer)
  4 scorpions
  A howler monkey (D:5)
  5 orc priests
  2 hounds
  2 jellies
  A gnoll shaman (D:5)
  5 iguanas
  Jessica (D:3)
  3 orc wizards (D:5)
  9 adders
  7 gnolls
  3 river rats (Sewer)
  A worm (D:3)
  4 dart slugs
  15 orcs
  4 bats
  8 endoplasms
  6 giant cockroaches
  8 goblins
  5 hobgoblins
  12 jackals
  10 kobolds
  5 quokkas
  12 ball pythons
  6 frilled lizards
  6 rats
159 creatures vanquished.

Vanquished Creatures (others)
  6 plants (Sewer)
6 creatures vanquished.

Grand Total: 165 creatures vanquished

Notes
Turn   | Place    | Note
-------+----------+-------------------------------------------
     0 | D:1      | happo123 the Troll Fighter began the quest for the Orb.
     0 | D:1      | Reached XP level 1. HP: 22/22 MP: 0/0
   111 | D:1      | Reached XP level 2. HP: 29/29 MP: 1/1
   698 | D:2      | Reached XP level 3. HP: 35/36 MP: 2/2
  1358 | D:3      | Reached XP level 4. HP: 44/44 MP: 3/3
  1741 | D:3      | Noticed Jessica
  1747 | D:3      | Killed Jessica
  1753 | D:3      | Reached skill level 3 in Unarmed Combat
  1802 | D:3      | Reached XP level 5. HP: 42/53 MP: 4/4
  2320 | D:4      | Noticed a phantom
  2342 | D:4      | Killed a phantom
  2343 | D:4      | Reached XP level 6. HP: 61/61 MP: 5/5
  2621 | D:4      | Reached skill level 4 in Unarmed Combat
  2630 | D:4      | Reached XP level 7. HP: 66/68 MP: 6/6
  2768 | D:5      | Entered Level 5 of the Dungeon
  2870 | D:5      | Found a glowing drain.
  2896 | Sewer    | Entered a sewer
  3503 | D:5      | Reached skill level 5 in Unarmed Combat
  3503 | D:5      | Reached XP level 8. HP: 56/79 MP: 7/7
  3658 | D:5      | Reached skill level 5 in Shields
  3663 | D:5      | Reached skill level 5 in Dodging
  3697 | D:5      | Reached skill level 5 in Fighting
  3736 | D:5      | Reached skill level 6 in Unarmed Combat
  3744 | D:5      | Reached XP level 9. HP: 43/88 MP: 8/8
  4468 | D:6      | Noticed Blork the orc
  4472 | D:6      | Noticed Prince Ribbit
  4476 | D:6      | Killed from afar by a steam dragon

Illustrated notes

Levels and vault maps discovered:
D:1:      dpeg_arrival_pond, layout_loops_ring, chequers_serial_rivers_room_a
D:2:      layout_loops_ring, minmay_puff
D:3:      layout_loops_corners, uniq_jessica
D:4:      layout_basic
D:5:      cheibrodos_barr_body, layout_basic, portal_sewer_entry_f
D:6:      layout_basic, uniq_prince_ribbit1, uniq_blork_the_orc

Skill      XL: |  1  2  3  4  5  6  7  8 |
---------------+-------------------------+-----
Dodging        | 3 4 5 |  5.6
Shields        | 3 4 5 |  5.7
Fighting       | 3 4 5 |  5.6
Unarmed Combat | 3 4 5 6 |  6.3

Action                   |  1- 3 |  4- 6 |  7- 9 || total
-------------------------+-------+-------+-------++-------
Melee: Unarmed           |    97 |   137 |   268 ||   502
Throw: Stone             |     1 |       |       ||     1
       Dart              |       |       |     1 ||     1
 Stab: Sleeping          |     1 |       |       ||     1
Armor: Robe              |    26 |    21 |    53 ||   100
Dodge: Dodged            |    19 |    49 |   136 ||   204
Block: Kite shield       |    18 |    41 |   116 ||   175

Table legend: (Time is in decaauts)
 A = Elapsed time spent in this place.
 B = Non-inter-level travel time spent in this place.
 C = Inter-level travel time spent in this place.
 D = Time resting spent in this place.
 E = Time spent auto-exploring this place.
 F = Levels seen in this place.
 G = Mean time per level.
                   A        B        C        D        E       F      G
               +--------+--------+--------+--------+--------+-----+--------+
         Total |   4634 |   3523 |   1111 |    155 |   2209 |   7 |  662.0 |
       Dungeon |   3950 |   2839 |   1111 |    155 |   1757 |   6 |  658.3 |
         Sewer |    684 |    684 |      0 |      0 |    452 |   1 |  684.0 |
               +--------+--------+--------+--------+--------+-----+--------+

Top non-repeatable levels by time:
     D:3: 939 daAuts
     D:5: 922 daAuts
     D:2: 697 daAuts
   Sewer: 684 daAuts
     D:4: 601 daAuts
     D:1: 547 daAuts
     D:6: 241 daAuts
